Map: [TLMC15] Glittering Ashes

Players

SpeCial - Winner!

  • Race: Terran Terran

MarineLorD

  • Race: Terran Terran

Event: DreamHack SC2 Masters 2021 Winter

VOD

Have the link to the VOD?

Description

Time

  • Played on: Nov. 11, 2021, 11:33 a.m.
  • Length: 13:11

All games in this series

Show
View Real Time Build Order
Export as new Build Order

SpeCial Terran - Winner!

Build Orders: Gas First Reaper Expand 

Get SALT Encoding   

  12  0:00  SCV  
  13  0:12  SCV  
  14  0:17  Supply Depot  
  14  0:24  SCV  
  14  0:27  Refinery  
  15  0:39  SCV  
  16  0:44  Barracks  
  16  0:51  SCV  
  17  1:03  SCV  
  18  1:15  SCV  
  19  1:31  Reaper, Orbital Command  
  20  1:45  Command Center  
  20  1:53  Factory  
  20  1:58  SCV  
  21  2:04  Supply Depot  
  21  2:06  Marine  
  22  2:10  SCV  
  23  2:18  Refinery  
  23  2:25  SCV, Marine  
  25  2:37  Hellion  
  25  2:38  Starport, SCV  
  25  2:44  Marine  
  29  2:49  Supply Depot  
  29  2:50  SCV  
  29  2:59  Hellion  
  31  3:11  SCV  
  31  3:12  Marine  
  32  3:21  Starport Tech Lab, Orbital Command  
  32  3:23  SCV  
  32  3:25  Factory Tech Lab  
  32  3:30  Orbital Command  
  32  3:33  Marine  
  33  3:35  SCV  
  33  3:40  Banshee  
  37  3:45  Cyclone  
  41  3:49  SCV  
  41  3:53  Barracks Reactor  
  41  3:56  SCV  
  41  3:58  Orbital Command  
  41  4:01  SCV  
  44  4:13  SCV  
  36  4:25  SCV, Raven  
  36  4:27  SCV  
  36  4:29  Marine  
  36  4:30  Marine  
  42  4:37  SCV  
  43  4:39  SCV  
  43  4:40  Command Center  
  47  4:45  Siege Tank  
  47  4:49  SCV  
  47  4:51  SCV  
  47  4:52  Refinery  
  49  4:55  Supply Depot  
  49  4:58  Marine  
  50  5:01  SCV, Marine  
  50  5:06  SCV  
  53  5:13  SCV  
  54  5:17  Marine  
  54  5:18  Marine  
  54  5:19  SCV  
  54  5:21  Raven  
  57  5:26  SCV  
  60  5:31  SCV  
  60  5:34  Marine  
  62  5:43  Supply Depot  
  62  5:44  SCV x2, Siege Tank, Marine  
  68  5:52  Marine  
  68  5:56  SCV x2, Orbital Command  
  72  6:08  SCV x2  
  70  6:19  Marine  
  70  6:20  Stimpack  
  70  6:21  SCV x2, Siege Tank, Barracks  
  70  6:23  Barracks  
  70  6:24  SCV  
  76  6:27  Viking x2  
  80  6:34  SCV  
  80  6:35  SCV, Refinery  
  80  6:37  SCV, Marine  
  84  6:52  SCV  
  84  6:53  SCV x2  
  87  6:57  Engineering Bay x2, Viking x2  
  87  7:00  Marine  
  92  7:04  Supply Depot  
  92  7:08  Supply Depot  
  92  7:10  Barracks Reactor x2  
  92  7:13  SCV  
  93  7:22  Supply Depot, SCV x2, Siege Tank, Marine  
  99  7:27  Supply Depot  
  99  7:28  Terran Infantry Weapons Level 1  
  99  7:29  Terran Infantry Armor Level 1  
  99  7:36  Barracks  
  99  7:38  Barracks  
  99  7:39  Viking  
  99  7:44  Missile Turret, Marine  
  101  7:48  Viking  
  101  7:49  Marine x2  
  101  7:51  Marine  
  107  7:53  Marine  
  108  8:00  Armory  
  108  8:03  Siege Tank  
  108  8:04  Marine  
  112  8:10  SCV  
  112  8:12  Marine  
  104  8:14  Marine  
  104  8:16  SCV  
  104  8:17  Marine  
  96  8:21  Orbital Command  
  96  8:23  Medivac x2  
  96  8:27  SCV  
  96  8:28  SCV  
  96  8:30  Marine x2  
  96  8:33  Barracks Reactor  
  99  8:34  Barracks Reactor  
  99  8:39  SCV  
  99  8:40  SCV, Marine x3  
  104  8:45  Siege Tank  
  104  8:47  SCV  
  104  8:48  Marine  
  106  8:50  Combat Shield  
  106  8:51  SCV  
  106  8:52  SCV, Marine  
  110  8:58  Marine  
  110  8:59  SCV  
  112  9:03  Supply Depot, SCV, Sensor Tower  
  112  9:04  Marine x2  
  112  9:05  Supply Depot  
  112  9:06  Marine  
  112  9:09  Refinery  
  115  9:10  Refinery  
  115  9:12  Marine x2  
  115  9:13  Marine  
  115  9:16  Marine  
  119  9:17  Marine x2  
  119  9:22  Marine x2  
  119  9:24  SCV x2, Marine  
  124  9:27  Terran Infantry Weapons Level 2  
  124  9:29  Marine  
  127  9:31  Terran Infantry Armor Level 2  
  127  9:33  Marine x2  
  127  9:37  Marine  
  130  9:39  Siege Tank  
  130  9:45  Marine  
  132  9:49  Marine  
  134  9:56  Marine x2  
  134  9:57  Medivac x2, Marine  
  134  9:58  Marine x3  
  143  10:03  Marine  
  144  10:07  Marine  
  144  10:09  Command Center  
  144  10:14  Marine  
  144  10:15  SCV x2  
  144  10:16  Marine  
  144  10:18  Factory, Marine  
  144  10:20  Supply Depot  
  144  10:21  Supply Depot  
  149  10:24  Barracks Reactor  
  149  10:25  Marine  
  149  10:41  Liberator, Siege Tank, Marine x2  
  149  10:42  Medivac, Marine x2  
  161  10:43  Supply Depot x2  
  161  10:45  Terran Vehicle Weapons Level 1  
  161  10:47  Marine x4  
  165  10:59  Marine  
  165  11:01  Marine  
  165  11:03  Marine x4  
  146  11:06  Marine x3  
  146  11:10  Marine  
  139  11:13  Siege Tank  
  139  11:15  Siege Tank  
  139  11:17  Marine  
  146  11:18  Marine  
  146  11:20  Marine x2  
  146  11:21  Marine  
  146  11:25  Marine x2  
  152  11:28  Marine x2  
  152  11:29  Marine  
  155  11:34  Marine  
  155  11:36  Marine  
  155  11:38  Marine x2  
  155  11:39  Marine  
  157  11:43  Marine x2  
  157  11:45  Siege Tank, Marine  
  157  11:46  Marine  
  164  11:47  Siege Tank, Marine  
  164  11:52  Marine  
  164  11:54  Liberator x2, Marine  
  162  11:56  Marine  
  162  11:57  Marine x2  
  172  12:03  SCV x3  
  172  12:05  Marine  
  176  12:15  SCV x2  
  172  12:16  Marine  
  172  12:17  Marine  
  172  12:18  Siege Tank  
  172  12:19  Marine  
  172  12:20  Marine x4  
  148  12:23  Siege Tank  
  148  12:24  Marine  
  148  12:25  Marine  
  148  12:27  Marine  
  143  12:34  Marine  
  143  12:35  Marine  
  138  12:37  Marine x3  
  138  12:38  Marine x2  
  138  12:42  Marine  
  138  12:43  Marine  
  139  12:45  Marine  
  140  12:52  Marine x2  
Show
View Real Time Build Order
Export as new Build Order

MarineLorD Terran 

Build Orders:  

Get SALT Encoding   

  12  0:00  SCV  
  13  0:12  SCV  
  14  0:17  Supply Depot  
  14  0:24  SCV  
  15  0:38  SCV  
  15  0:40  Barracks  
  16  0:44  Refinery  
  16  0:50  SCV  
  17  1:01  Barracks  
  17  1:04  SCV  
  18  1:11  Refinery  
  18  1:16  SCV  
  19  1:27  Reaper  
  19  1:32  Orbital Command  
  20  1:41  Supply Depot  
  20  1:48  Reaper  
  21  1:57  SCV  
  21  1:59  Reaper  
  23  2:09  SCV  
  24  2:20  Reaper  
  24  2:21  Factory  
  25  2:24  SCV  
  25  2:26  Supply Depot  
  26  2:31  Reaper  
  26  2:36  SCV  
  28  2:48  SCV  
  29  2:54  Bunker  
  29  2:57  Reaper  
  30  3:00  SCV  
  31  3:11  Hellion  
  33  3:12  SCV  
  33  3:18  Command Center  
  33  3:28  Starport  
  33  3:31  Barracks Reactor  
  33  3:33  SCV  
  34  3:38  Hellion  
  36  3:45  SCV  
  37  3:57  SCV  
  37  3:59  Supply Depot  
  38  4:04  Factory Tech Lab, Starport Tech Lab  
  39  4:10  SCV  
  39  4:20  Marine x2  
  39  4:22  SCV  
  40  4:28  Raven  
  40  4:30  Refinery  
  44  4:31  Orbital Command  
  44  4:34  SCV  
  45  4:39  Marine  
  45  4:41  Cyclone  
  45  4:42  Marine  
  47  4:46  SCV  
  48  4:56  Marine  
  48  4:58  SCV x2  
  51  5:00  Marine  
  51  5:06  Engineering Bay  
  52  5:07  Barracks  
  52  5:08  Supply Depot  
  52  5:10  SCV x2  
  54  5:15  Siege Tank  
  57  5:22  SCV  
  57  5:23  SCV  
  57  5:24  Starport Reactor  
  57  5:25  Supply Depot  
  58  5:30  Marine  
  58  5:31  Marine  
  58  5:32  Marine  
  58  5:34  SCV  
  61  5:35  SCV  
  61  5:40  Stimpack  
  61  5:41  Terran Infantry Weapons Level 1  
  61  5:43  Missile Turret  
  61  5:46  SCV  
  61  5:47  SCV  
  61  5:49  Marine x2  
  64  5:52  Siege Tank  
  68  5:57  Barracks Reactor  
  68  5:58  SCV  
  68  5:59  Marine  
  68  6:00  SCV  
  70  6:10  SCV  
  71  6:12  Marine x2  
  71  6:13  Medivac x2  
  75  6:19  Supply Depot  
  75  6:20  Supply Depot  
  75  6:24  Siege Tank  
  75  6:26  Marine  
  75  6:35  Marine x3  
  78  6:40  Marine  
  78  6:41  Supply Depot  
  78  6:42  Supply Depot  
  78  6:43  Marine  
  76  6:52  SCV x2  
  76  6:53  Marine x2  
  78  6:55  Marine  
  78  6:58  Marine  
  78  6:59  Medivac x2  
  84  7:04  SCV  
  85  7:09  Marine  
  85  7:11  SCV, Marine  
  88  7:19  Combat Shield  
  88  7:22  SCV  
  89  7:23  SCV  
  89  7:24  Refinery  
  89  7:25  Marine x3  
  89  7:27  Marine  
  94  7:32  Command Center  
  94  7:34  SCV  
  94  7:36  SCV, Marine, Terran Infantry Armor Level 1  
  96  7:50  Marine  
  96  7:51  Marine  
  98  7:54  Marine x2  
  98  7:56  SCV x2  
  102  8:00  Barracks x2  
  102  8:05  Marine  
  102  8:09  SCV  
  92  8:14  Marine x2  
  92  8:16  Siege Tank  
  92  8:17  Marine  
  91  8:20  Marine  
  91  8:23  Marine  
  79  8:31  Medivac x2  
  79  8:32  Marine x2  
  85  8:34  Marine  
  85  8:35  SCV x2  
  88  8:44  Marine  
  88  8:47  SCV x2  
  91  8:53  Siege Tank  
  91  8:54  Barracks Reactor  
  91  8:55  Barracks Reactor, Marine x4  
  97  9:00  SCV x2  
  97  9:02  Marine  
  101  9:13  Marine x4, Orbital Command  
  101  9:14  SCV x2  
  107  9:19  Marine  
  108  9:25  Siege Tank  
  108  9:26  SCV x2  
  108  9:30  Medivac x2, Marine  
  108  9:31  Armory, Marine x3  
  121  9:32  Engineering Bay  
  121  9:36  Marine  
  121  9:37  Marine x3  
  125  9:42  SCV, Marine  
  123  9:48  Marine x2  
  123  9:52  Marine x2  
  125  9:54  Marine  
  125  9:55  Marine x2  
  125  9:59  Supply Depot  
  123  10:00  Supply Depot, Marine x2  
  123  10:01  Supply Depot  
  125  10:14  Marine  
  125  10:15  Command Center  
  125  10:21  Medivac, Siege Tank, Marine x8  
  133  10:27  Medivac  
  138  10:31  Marine  
  138  10:34  Terran Infantry Weapons Level 2  
  138  10:35  Supply Depot, Terran Vehicle Weapons Level 1  
  139  10:38  Marine x2  
  139  10:39  Marine x6  
  147  10:49  Marine  
  148  10:56  Medivac, Marine x5  
  155  10:57  Supply Depot x2, Marine x2  
  155  11:01  Marine  
  127  11:07  Marine  
  122  11:14  Marine x5  
  122  11:15  Marine x2  
  126  11:18  Marine  
  126  11:20  Siege Tank  
  126  11:21  SCV  
  126  11:23  SCV  
  126  11:25  SCV, Marine  
  134  11:32  Marine x7  
  139  11:36  Marine  
  142  11:42  Medivac  
  142  11:43  Marine  
  142  11:50  Marine x7  
  148  11:54  Siege Tank, Marine  
  148  11:59  Medivac  
  148  12:01  Marine  
  155  12:05  SCV x2  
  155  12:06  Planetary Fortress  
  155  12:08  Marine x7  
  162  12:12  Marine  
  158  12:18  Marine  
  117  12:25  Marine x5  
  117  12:26  Marine x2  
  103  12:30  Marine  
  93  12:43  SCV x4, Marine x5  
  93  12:44  Marine x2  
  102  12:46  Command Center  

Tags
 
Add a new tag
Caveats
  • Supply blocks, unpowered buildings, or Contaminate may cause inaccurate times.
  • Supply counts are checked every 10 seconds.